 Dungeon Crawl Stone Soup version 0.21.1-1-g345015f (webtiles) character file.

487 CougarLife the Ruffian (level 6, -5/61 HPs)
             Began as a Troll Monk on June 4, 2018.
             Slain by Pikel
             ... wielding a +2 whip of electrocution
              (15 damage)
             ... on level 5 of the Dungeon.
             The game lasted 00:08:56 (2778 turns).

CougarLife the Ruffian (Troll Monk)                 Turns: 2778, Time: 00:08:57

Health: -5/61      AC:  7    Str: 20    XL:     6   Next: 89%
Magic:  5/5        EV: 10    Int:  8    God:
Gold:   211        SH:  0    Dex: 12    Spells: 5/5 levels left

rFire    . . .     SeeInvis .     - Unarmed
rCold    . . .     Gourm    +   (no shield)
rNeg     . . .     Faith    .   u - +0 troll leather armour {Purgy}
rPois    .         Spirit   .   (helmet restricted)
rElec    .         Reflect  .   (no cloak)
rCorr    .         Harm     .   (gloves unavailable)
MR       .....                  (boots unavailable)
Stlth    +.........             (no amulet)
HPRegen  1.00/turn              (no ring)
MPRegen  0.09/turn              (no ring)

@: no status effects
A: large, unfitting armour, claws 3, fast metabolism 3, gourmand, regeneration
1, shaggy fur 1, tough skin 2
a: no special abilities


You were on level 5 of the Dungeon.
You were full.

You visited 1 branch of the dungeon, and saw 5 of its levels.
You also visited: Sewer.

You collected 211 gold pieces.

Inventory:

Armour
 u - a +0 troll leather armour (worn) {Purgy}
Wands
 o - a wand of iceblast (9)
 B - a wand of disintegration (4)
Scrolls
 c - 3 scrolls of teleportation
 d - 2 scrolls of identify
 e - 2 scrolls of enchant armour {unknown}
 f - 2 scrolls of noise {unknown}
 i - 4 scrolls of remove curse
 m - 3 scrolls of random uselessness {unknown}
 p - a scroll of immolation {unknown}
 q - a scroll of magic mapping {unknown}
 r - a scroll of blinking {unknown}
 t - a scroll of fog {unknown}
 w - a scroll of amnesia {unknown}
Potions
 a - a potion of degeneration {unknown}
 g - 2 potions of resistance {unknown}
 h - 2 potions of curing {unknown}
 j - a potion of invisibility {unknown}
 k - a potion of might {unknown}
 l - 3 potions of agility {unknown}
 n - a potion of cancellation {unknown}
 s - 2 potions of haste {unknown}
 v - a potion of mutation {unknown}
 x - a potion of heal wounds {unknown}
 z - a potion of flight {unknown}
Comestibles
 b - 10 rations


   Skills:
 - Level 3.0 Fighting
 - Level 3.0 Dodging
 - Level 1.0 Stealth
 + Level 7.3 Unarmed Combat


You had 5 spell levels left.
You didn't know any spells.

Dungeon Overview and Level Annotations

Branches:
Dungeon (5/15)
 Temple: D:4-7

Altars:
Qazlal
Trog

Annotations:
D:5 Pikel


Innate Abilities, Weirdness & Mutations

You are too large for most types of armour.
You have claws for hands.
Your metabolism is lightning-fast.
You like to eat raw meat.
Your natural rate of healing is unusually fast.
You are covered in fur. (AC +1)
You have very tough skin. (AC +2)


Message History

The slave is moderately wounded.
You barely miss the slave.
The slave is moderately wounded.
Pikel hits you with a whip of electrocution.
The slave barely misses you.
You scratch the slave. You claw the slave!
The slave is severely wounded.
Pikel hits you with a whip of electrocution.
You are electrocuted!
The slave hits you. x2
You closely miss Pikel.
Pikel hits you with a whip of electrocution.
You are electrocuted!
* * * LOW HITPOINT WARNING * * *
The slave barely misses you.
You closely miss Pikel. The slave hits you.
* * * LOW HITPOINT WARNING * * *
Pikel hits you with a whip of electrocution.
* * * LOW HITPOINT WARNING * * *
You are electrocuted!
You die...

#..... .... #....# ....
########## .....
.......... .....
......... ......
........
.....p#######+####....##
#..ppp........#.♣.♣.♣.
#...K@................
#.............♣.♣.♣.♣.
#(....$...............
#.............♣.♣.♣.♣.
+.........(...........
#.............♣.♣:♣.♣.
####+#####............
#....♣.♣.♣.♣.
#............


You could see Pikel and 4 slaves.

Vanquished Creatures
  Purgy (Sewer)
  3 crimson imps
  A centaur skeleton (D:4)
  2 hounds
  An orc priest (D:3)
  A worker ant (D:4)
  5 adders
  2 oozes
  A worm (D:3)
  A dart slug (D:3)
  3 leopard geckos (D:1)
  2 orcs (D:3)
  4 ball pythons
  10 bats
  6 giant cockroaches
  6 goblins
  9 hobgoblins
  9 jackals
  A quokka (D:3)
  7 frilled lizards
  11 kobolds
  12 rats
98 creatures vanquished.

Notes
Turn   | Place    | Note
-------+----------+-------------------------------------------
     0 | D:1      | CougarLife the Troll Monk began the quest for the Orb.
     0 | D:1      | Reached XP level 1. HP: 22/22 MP: 0/0
    91 | D:1      | Reached XP level 2. HP: 29/29 MP: 1/1
   296 | D:1      | Reached XP level 3. HP: 33/37 MP: 2/2
   865 | D:2      | Reached XP level 4. HP: 42/45 MP: 3/3
   917 | D:2      | Reached skill level 4 in Unarmed Combat
  1191 | D:3      | Found a bloodstained altar of Trog.
  1298 | D:3      | Found a stormy altar of Qazlal.
  1311 | D:3      | Found a faded altar of an unknown god.
  1326 | D:3      | Reached XP level 5. HP: 50/53 MP: 4/4
  1345 | D:3      | Found a glowing drain.
  1367 | D:3      | Reached skill level 5 in Unarmed Combat
  1376 | Sewer    | Entered a sewer
  1527 | Sewer    | Noticed Purgy
  1542 | Sewer    | Killed Purgy
  1632 | D:3      | Reached skill level 6 in Unarmed Combat
  1719 | D:3      | Reached XP level 6. HP: 61/61 MP: 5/5
  2472 | D:5      | Entered Level 5 of the Dungeon
  2682 | D:5      | Reached skill level 7 in Unarmed Combat
  2769 | D:5      | Noticed a slave
  2771 | D:5      | Noticed Pikel
  2771 | D:5      | Noticed a slave
  2772 | D:5      | Noticed a slave
  2772 | D:5      | Noticed a slave
  2778 | D:5      | Slain by Pikel

Skill      XL: |  1  2  3  4  5  6 |
---------------+-------------------+-----
Dodging        | 3 |  3.0
Fighting       | 3 |  3.0
Unarmed Combat | 4 6 7 |  7.3
Stealth        | |  1.0

Action                   |  1- 3 |  4- 6 || total
-------------------------+-------+-------++-------
Melee: Unarmed           |   106 |   165 ||   271
       Punch             |       |     3 ||     3
  Use: Scroll            |       |     5 ||     5
 Stab: Sleeping          |       |     2 ||     2
  Eat: Chunk             |    13 |    15 ||    28
Armor: Robe              |    54 |    56 ||   110
       Troll leather arm |       |    26 ||    26
Dodge: Dodged            |   100 |    97 ||   197
